 Dungeon Crawl Stone Soup version 0.29.1-4-g47bece8355 (webtiles) character file.

Game seed: 1886792895730547745

3518 sanboga the Cleaver (level 9, 0/123 HPs)
             Began as a Red Draconian Berserker on Dec 11, 2022.
             Was a Priest of Trog.
             Slain by a hornet (9 damage)
             ... on level 8 of the Dungeon.
             The game lasted 00:09:13 (8358 turns).

sanboga the Cleaver (Red Draconian Berserker)       Turns: 8358, Time: 00:09:14

Health: 0/123      AC: 14    Str: 23    XL:     9   Next: 81%
Magic:  9/9        EV: 14    Int:  8    God:    Trog [***...]
Gold:   1454       SH:  0    Dex: 11    Spells: 8/8 levels left

rFire   + + .      SeeInvis .   p - +0 war axe (drain)
rCold   . . .      Faith    .   (no shield)
rNeg    . . .      Spirit   .   (body armour unavailable)
rPois   .          Reflect  .   (helmet restricted)
rElec   .          Harm     .   k - +2 cloak {Stlth+}
rCorr   .          Rampage  .   h - +2 pair of gloves
Will    .....                   b - +0 pair of boots
Stlth   ..........              (no amulet)
HPRegen 0.30/turn               m - ring of flight
MPRegen 0.11/turn               s - ring of protection from fire

@: berserking, lethally poisoned (0 -> -7), flying, slowed
A: breathe fire, AC +7, unfitting armour, fire resistance 1, cold-blooded
a: Breathe Fire, Renounce Religion, Berserk, Trog's Hand


You were on level 8 of the Dungeon.
You worshipped Trog.
Trog was most pleased with you.
You visited 1 branch of the dungeon, and saw 8 of its levels.

You collected 1454 gold pieces.

Inventory:

Hand Weapons
 p - a +0 war axe of draining (weapon)
Armour
 b - a +0 pair of boots (worn)
 h - a +2 pair of gloves (worn)
 k - a +2 cloak of stealth (worn)
Jewellery
 m - a ring of flight (left hand)
 r - a ring of fire
 s - a ring of protection from fire (right hand)
Wands
 g - a wand of polymorph (9)
Scrolls
 c - 3 scrolls of teleportation
 d - a scroll of silence {unknown}
 f - 3 scrolls of enchant armour {unknown}
 j - 3 scrolls of fear
 l - a scroll of torment {unknown}
 n - a scroll of amnesia {unknown}
 v - a scroll of blinking
Potions
 a - 4 potions of curing
 e - a potion of magic {unknown}
 i - 2 potions of mutation {unknown}
 o - a potion of might {unknown}
 q - a potion of ambrosia
 t - 2 potions of lignification {unknown}
 u - a potion of brilliance {unknown}
 x - 2 potions of heal wounds
 z - 2 potions of cancellation {unknown}
 A - a potion of berserk rage {unknown}
 C - a potion of haste {unknown}


   Skills:
 + Level 8.4 Fighting
 * Level 10.4 Axes
 + Level 7.0 Dodging


You had 8 spell levels left.
You didn't know any spells.
Your spell library was empty.

Dungeon Overview and Level Annotations

Branches:
Dungeon (8/15)             Temple (0/1) D:7
   Lair: D:8-11

Altars:
Dithmenos
Nemelex Xobeh
Okawaru
Ru
Uskayaw
Xom
Zin

Shops:
D:2 [   D:8 *


Innate Abilities, Weirdness & Mutations

You can breathe blasts of fire.
Your fiery red scales are hard. (AC +7)
You cannot fit into any form of body armour.
Your flesh is heat resistant. (rF+)
You are cold-blooded and may be slowed by cold attacks.


Message History

You hit the hornet but do no damage.
The hornet is severely wounded.
You feel very sick. The hornet barely misses you. The hornet stings you.
You feel as though you will be slow longer.
You hit the hornet but do no damage. You drain the hornet.
You tail-slap the hornet, but do no damage.
The hornet is severely wounded.
You feel very sick. The hornet completely misses you. The hornet misses you.
You closely miss the hornet.
The hornet is severely wounded.
You feel very sick. The hornet barely misses you.
The hornet closely misses you. x2
You barely miss the hornet.
Your tail-slap misses the hornet.
The hornet is heavily wounded.
You feel sick.
The hornet stings you but does no damage.
The hornet stings you!
* * * LOW HITPOINT WARNING * * *
You feel as though you will be slow longer.
A red film seems to cover your vision as you go berserk!
You feel yourself moving faster!
You feel mighty!
You feel sick.
The hornet stings you but does no damage.
The hornet stings you.
* * * LOW HITPOINT WARNING * * *
You are more poisoned.
You feel as though you will be slow longer.
You closely miss the hornet.
The hornet is heavily wounded.
* * * LOW HITPOINT WARNING * * *
You feel very sick.
The hornet stings you but does no damage.
You barely miss the hornet.
Your tail-slap misses the hornet.
The hornet is heavily wounded.
* * * LOW HITPOINT WARNING * * *
You feel sick.
The hornet stings you but does no damage.
The hornet stings you!
You die...

..# #. #.# #.
#.######### #.
#......>..# #.
#..######.# #. #..#
#.# #. #..# #.# #.
#..# #.# #. #@.#
#.##### ## #.y.?#
#.?...#### #.#.##
#.......##
#.#.#######.......##
# #.................
#########.#.....##
###.))..# ###.####
#....[


You could see a hornet (drained).

Vanquished Creatures
  A two-headed ogre (D:6)
  4 yaks
  Menkaure (D:7)
  3 water moccasins
  An orc warrior (D:8)
  A black bear (D:4)
  2 ice beasts (D:7)
  A phantom (D:6)
  A kobold brigand (D:6)
  A bullfrog (D:8)
  3 scorpions
  A necrophage (D:6)
  4 wights (D:6)
  6 electric eels (D:6)
  A jelly (D:5)
  3 hounds
  An orc priest (D:5)
  A gnoll bouda (D:7)
  Crazy Yiuf (D:2)
  3 iguanas (D:6)
  Natasha (thrice) (D:4)
  4 orc wizards
  8 gnolls
  5 adders
  A white imp (D:6)
  An ufetubus (D:5)
  2 dart slugs (D:4)
  17 orcs
  8 ball pythons
  11 endoplasms
  5 giant cockroaches
  7 goblins
  6 hobgoblins
  3 jackals (D:5)
  3 quokkas
  2 bats
  2 frilled lizards
  12 kobolds
  4 rats
144 creatures vanquished.

Vanquished Creatures (others)
  21 plants (D:6)
21 creatures vanquished.

Grand Total: 165 creatures vanquished

Notes
Turn   | Place    | Note
-------+----------+-------------------------------------------
     0 | D:1      | sanboga the Draconian Berserker began the quest for the
                  | Orb.
     0 | D:1      | Reached XP level 1. HP: 19/19 MP: 1/1
   355 | D:1      | Reached XP level 2. HP: 21/26 MP: 2/2
   784 | D:1      | Found a faded altar of an unknown god.
  1016 | D:2      | Reached XP level 3. HP: 32/33 MP: 3/3
  1039 | D:2      | Found Pise's Antique Armour Boutique.
  1359 | D:2      | Found a runed translucent door.
  1360 | D:2      | Noticed Crazy Yiuf
  1368 | D:2      | Killed Crazy Yiuf
  1369 | D:2      | Reached skill level 4 in Axes
  1369 | D:2      | Reached XP level 4. HP: 40/40 MP: 4/4
  2628 | D:3      | Found a glowing silver altar of Zin.
  3095 | D:4      | Noticed a black bear
  3115 | D:4      | Killed a black bear
  3116 | D:4      | Reached XP level 5. HP: 47/47 MP: 5/5
  3407 | D:4      | Reached skill level 5 in Axes
  3601 | D:4      | Found a sacrificial altar of Ru.
  3606 | D:4      | Noticed Natasha
  3619 | D:4      | Killed Natasha
  3759 | D:4      | Reached ** piety under Trog
  3764 | D:4      | Reached XP level 6. HP: 49/53 MP: 6/6
  3904 | D:4      | Found a shimmering altar of Xom.
  3944 | D:4      | Noticed Natasha
  3955 | D:4      | Killed Natasha
  4154 | D:4      | Noticed Natasha
  4165 | D:4      | Killed Natasha
  4202 | D:5      | Entered Level 5 of the Dungeon
  4217 | D:5      | Noticed a yak
  4217 | D:5      | Noticed a yak
  4217 | D:5      | Noticed a yak
  4220 | D:5      | Noticed a yak
  4233 | D:4      | Killed a yak
  4234 | D:4      | Reached skill level 5 in Fighting
  4234 | D:4      | Reached skill level 6 in Axes
  4234 | D:4      | Your scales start taking on a fiery red colour.
  4234 | D:4      | Reached XP level 7. HP: 38/61 MP: 7/7
  4234 | D:4      | Gained mutation: Your flesh is heat resistant. (rF+) [Red
                  | Draconian growth]
  4356 | D:4      | Killed a yak
  4356 | D:4      | Killed a yak
  4393 | D:5      | Killed a yak
  4394 | D:5      | Reached skill level 7 in Axes
  4481 | D:5      | Reached skill level 5 in Dodging
  4481 | D:5      | Reached XP level 8. HP: 69/70 MP: 8/8
  5331 | D:5      | Identified a scroll of acquirement
  5331 | D:5      | Acquired 1007 gold pieces
  5393 | D:6      | Reached skill level 8 in Axes
  5395 | D:6      | Noticed a two-headed ogre
  5406 | D:6      | Killed a two-headed ogre
  5407 | D:6      | Reached XP level 9. HP: 54/79 MP: 9/9
  5715 | D:6      | Reached skill level 9 in Axes
  6449 | D:6      | Reached *** piety under Trog
  6569 | D:6      | Found a hide-covered altar of Uskayaw.
  6629 | D:6      | Found a shadowy altar of Dithmenos.
  7181 | D:7      | Found an iron altar of Okawaru.
  7287 | D:7      | Found a staircase to the Ecumenical Temple.
  7578 | D:7      | Reached skill level 10 in Axes
  7832 | D:7      | Noticed Menkaure
  7836 | D:7      | Killed Menkaure
  7936 | D:7      | Found a sparkling altar of Nemelex Xobeh.
  8199 | D:8      | Found Itzuekh's Serpentskin Sales.
  8350 | D:8      | Paralysed by a hornet for 2 turns
  8358 | D:8      | Slain by a hornet

Illustrated notes

Levels and vault maps discovered:
D:1:      evilmike_arrival_plus, layout_basic, hellmonk_ecumenical_altar_run_dry
D:2:      layout_basic, serial_shops, nicolae_shop_trees, chequers_garden,
          uniq_crazy_yiuf_cottage
D:3:      layout_basic, mainiacjoe_overflow_six_doors_small, st_stairs_3
D:4:      layout_rooms, nicolae_overflow_hidden_temple, nicolae_ru_awakened_eye,
          kennysheep_crisscross, minmay_fractal_squares_diagonal_5, uniq_natasha
D:5:      layout_basic
D:6:      layout_gridville, eat_drink_and_be_merry_uskayaw,
          mainiacjoe_overflow_surrounded_room, serial_bayou,
          serial_bayou_shore_b, serial_bayou_ford_a, serial_bayou_pond_e,
          serial_bayou_lake_a, serial_bayou_crossing
D:7:      layout_loops_corners, okawaru_metal_pillars_1_2,
          mainiacjoe_overflow_alcove_4, minmay_temple_entry_nine_rooms,
          uniq_menkaure
D:8:      layout_loops_ring, ploomutoo_gammafunk_ghost_potion_laboratory,
          serial_shops, nicolae_shop_bloodbath_and_beyond, guppyfry_shop_venom

Skill      XL: |  1  2  3  4  5  6  7  8  9 |
---------------+----------------------------+-----
Dodging        | 3 4 5 6 7 |  7.0
Axes           | 4 5 6 7 8 10 | 10.4
Fighting       | 4 5 6 7 8 |  8.4

Action                   |  1- 3 |  4- 6 |  7- 9 || total
-------------------------+-------+-------+-------++-------
Melee: Hand axe          |    78 |    58 |       ||   136
       Tailslap          |     5 |    16 |    22 ||    43
       War axe           |       |    89 |   252 ||   341
       Punch             |       |     2 |     4 ||     6
Invok: Berserk           |     1 |     2 |     7 ||    10
  Use: Scroll            |       |     1 |     9 ||    10
 Stab: Sleeping          |     1 |     4 |     3 ||     8
Armor: Skin              |    23 |    96 |    97 ||   216
Dodge: Dodged            |    47 |   111 |   164 ||   322
